Map: Fracture LE

Players

greencup - Winner!

  • Race: Zerg Zerg
  • League: Diamond
  • Spawn Location: 5:00

Nancyboy

  • Race: Zerg Zerg
  • League: Diamond
  • Spawn Location: 11:00

VOD

Have the link to the VOD?

Description

rip me to bits

Time

  • Played on: Aug. 24, 2018, 8:06 p.m.
  • Length: 12:56
Show
View Real Time Build Order
Export as new Build Order

greencup Zerg - Winner!

Build Orders: Hatch First 

Get SALT Encoding   

  12  0:12  Overlord  
  12  0:15  Drone  
  13  0:21  Drone  
  14  0:30  Drone  
  15  0:48  Hatchery  
  14  0:50  Extractor  
  13  1:03  Spawning Pool  
  12  1:07  Drone  
  13  1:12  Drone  
  13  1:17  Drone  
  15  1:51  Zergling x6  
  15  1:54  Queen  
  18  1:56  Metabolic Boost  
  20  2:06  Drone  
  21  2:09  Drone  
  21  2:12  Drone  
  23  2:15  Drone  
  24  2:25  Baneling Nest  
  24  2:29  Drone  
  24  2:35  Drone  
  25  2:42  Drone x2  
  27  2:50  Zergling x2  
  28  2:59  Overlord  
  28  3:02  Evolution Chamber  
  28  3:03  Zergling x2  
  28  3:04  Evolution Chamber  
  27  3:09  Zergling x4  
  28  3:15  Evolution Chamber  
  28  3:17  Evolution Chamber  
  28  3:18  Baneling x2  
  26  3:22  Spine Crawler  
  26  3:31  Zergling x8  
  28  3:48  Zergling x10  
  32  3:49  Baneling  
  28  3:57  Zergling x2  
  28  3:58  Zergling x2  
  28  4:00  Zergling x2  
  22  4:14  Drone x2  
  24  4:18  Zerg Melee Weapons Level 1  
  24  4:28  Drone x2  
  26  4:40  Zergling x2  
  26  4:41  Zergling x4  
  27  4:45  Baneling  
  27  4:46  Baneling  
  26  5:02  Drone x2  
  26  5:03  Drone x2  
  30  5:09  Baneling x2  
  29  5:14  Zerg Ground Armor Level 1  
  29  5:18  Drone  
  30  5:21  Drone  
  31  5:29  Spine Crawler  
  31  5:32  Drone  
  30  5:38  Zergling x4  
  30  5:39  Zergling x2  
  33  5:46  Zergling x4  
  32  5:51  Drone  
  32  5:54  Overlord  
  33  5:58  Baneling  
  33  5:59  Baneling x2  
  33  6:11  Zergling x6  
  33  6:12  Baneling x3  
  33  6:25  Zergling x4  
  33  6:26  Zergling x2  
  33  6:31  Extractor x2  
  33  6:32  Zergling x2  
  32  6:35  Lair  
  32  6:36  Drone  
  32  6:37  Drone  
  32  6:38  Extractor  
  33  6:47  Drone  
  33  6:48  Drone  
  33  6:49  Drone x2  
  33  6:53  Drone  
  34  7:02  Baneling  
  34  7:03  Baneling x3  
  34  7:05  Drone  
  34  7:07  Zergling x2  
  35  7:11  Zergling x4  
  37  7:21  Zergling x2  
  37  7:22  Zergling x4  
  38  7:31  Zergling x4  
  38  7:32  Zergling x2  
  35  7:42  Zergling x4  
  35  7:48  Baneling  
  27  7:52  Baneling  
  27  7:53  Baneling x2  
  26  8:18  Zerg Ground Armor Level 2  
  26  8:23  Drone  
  26  8:31  Drone x2  
  24  8:35  Zergling x2  
  24  8:38  Drone  
  26  8:44  Drone  
  26  8:50  Zergling x2  
  26  8:51  Zergling x2  
  26  8:54  Zergling x2  
  29  8:58  Drone  
  29  9:00  Drone  
  29  9:02  Drone  
  32  9:04  Drone  
  32  9:08  Baneling x2  
  33  9:10  Drone  
  33  9:13  Drone  
  33  9:16  Drone  
  36  9:26  Overlord x2  
  35  9:31  Drone  
  36  9:39  Drone, Spire  
  36  9:45  Zerg Melee Weapons Level 2  
  36  9:51  Drone x2  
  36  10:00  Drone, Zergling x2  
  36  10:01  Zergling x4  
  36  10:05  Zergling x4  
  41  10:11  Spine Crawler  
  41  10:12  Zergling x2  
  41  10:14  Spine Crawler  
  40  10:15  Zergling x4  
  42  10:24  Zergling x4  
  42  10:25  Zergling x2  
  42  10:27  Spine Crawler  
  44  10:28  Zergling x2  
  44  10:34  Zergling x2  
  46  10:44  Drone  
  47  10:51  Mutalisk  
  47  10:52  Mutalisk  
  45  10:58  Zergling x2  
  45  10:59  Zergling x2  
  47  11:05  Mutalisk  
  47  11:06  Zergling x2  
  47  11:07  Zergling x2  
  49  11:20  Zergling x6  
  51  11:28  Overlord x2  
  43  11:50  Mutalisk x5  
  43  11:51  Mutalisk  
  45  12:13  Mutalisk  
  47  12:28  Drone x2  
  47  12:34  Drone  
  47  12:35  Drone x3  
Show
View Real Time Build Order
Export as new Build Order

Nancyboy Zerg 

Build Orders: Hatch First 

Get SALT Encoding   

  12  0:02  Drone  
  13  0:13  Overlord  
  13  0:18  Drone  
  14  0:31  Drone  
  14  0:32  Drone  
  16  0:36  Drone  
  17  0:55  Hatchery  
  16  0:59  Drone  
  16  1:02  Extractor  
  16  1:09  Drone  
  16  1:10  Drone  
  18  1:22  Spawning Pool  
  17  1:29  Drone x2  
  19  1:39  Extractor  
  18  1:40  Drone  
  19  2:00  Hatchery  
  18  2:11  Zergling x2  
  18  2:12  Zergling x4  
  18  2:14  Zergling x2  
  22  2:18  Metabolic Boost  
  23  2:22  Zergling x2  
  23  2:32  Baneling Nest  
  23  2:37  Zergling x4  
  24  2:47  Evolution Chamber  
  24  2:51  Zergling x6  
  26  3:01  Zergling x4  
  28  3:10  Zergling x2  
  28  3:12  Overlord  
  27  3:14  Zergling x2  
  28  3:27  Zerg Ground Armor Level 1  
  27  3:51  Zergling x12  
  29  4:05  Zergling x8  
  27  4:19  Zergling x6  
  30  4:26  Baneling x3  
  30  4:28  Baneling  
  27  4:59  Zergling x10  
  25  5:00  Zergling x8  
  28  5:14  Zergling x4  
  28  5:15  Zergling x2  
  31  5:25  Zergling x4  
  31  5:26  Zergling x2  
  34  5:44  Zergling x8  
  34  5:45  Zergling x4  
  39  5:57  Baneling x3  
  39  5:58  Baneling x2  
  24  6:30  Zergling x14  
  24  6:31  Zergling x4  
  30  6:40  Queen  
  32  6:52  Drone x2  
  32  6:53  Drone x2  
  35  7:02  Drone x2  
  37  7:08  Drone  
  37  7:09  Drone x2  
  40  7:21  Drone  
  40  7:22  Drone x2  
  35  7:46  Drone x6  
  37  7:54  Roach Warren  
  37  7:58  Zergling x12  
  38  8:00  Queen  
  42  8:12  Overlord  
  42  8:13  Overlord  
  42  8:18  Spine Crawler  
  39  8:27  Queen x2  
  41  8:35  Drone x2  
  41  8:36  Queen, Drone x2  
  45  8:50  Drone  
  45  8:51  Drone x4  
  48  8:56  Zerg Missile Weapons Level 1  
  48  8:57  Extractor  
  48  9:00  Drone x4  
  51  9:03  Extractor x2  
  51  9:07  Zergling x4  
  45  9:33  Roach  
  45  9:34  Roach x5  
  45  9:36  Overlord x5  
  57  9:54  Zergling x10  
  57  9:55  Zergling x2  
  59  10:08  Roach x4  
  59  10:11  Lair  
  67  10:19  Baneling x2  
  67  10:23  Baneling x6  
  67  10:25  Roach x3  
  73  10:43  Drone x6  
  73  10:44  Drone x2  
  77  11:06  Roach x4  
  77  11:07  Roach x2  
  88  11:24  Roach  
  88  11:25  Roach x3  
  68  12:13  Roach x4  
  68  12:14  Roach x6  
  68  12:15  Roach x2  
  84  12:25  Spore Crawler  
  81  12:41  Spore Crawler  
  81  12:42  Spore Crawler  
  79  12:47  Spore Crawler  
  79  12:49  Spore Crawler  
  79  12:51  Spore Crawler  
Tags
 
Add a new tag
Caveats
  • Supply blocks, unpowered buildings, or Contaminate may cause inaccurate times.
  • Supply counts are checked every 10 seconds.